AoeStats
← ska_18

Black Forest

504512791Analyzed
3v3 RM · 28d ago on Sep 5, 2026· 55m 29s· 6 players
Game mode
Random Map
Map size
Normal (6 player)
Population
200
Speed
Normal
Resources
Standard
Victory
Conquest
Starting age
Dark Age
Ending age
Imperial Age
RankedLock teamsTeams togetherTeam positionsShared explorationLock speedFull tech treeHidden civsTurbo modeCheats
Victory
Defeat
🇦🇺 Persians · Australia
1018
+15
🇮🇳 Sicilians · India
1013
+15
🇮🇳 Hindustanis · India
1011
+16
🇦🇹 Saracens · Austria
1072
-18
🇮🇹 Inca · Italy
1000
-45
🇬🇧 Britons · United Kingdom
931
-13
-Slipstream/Matt
9:54 Feudal Age
10:35 Double-Bit Axe
12:46 Loom
13:08 Fletching
14:13 Padded Archer Armor
14:04 Horse Collar
17:49 Castle Age
18:53 Bow Saw
19:12 Heavy Plow
24:42 Wheelbarrow
24:01 Gold Mining
26:28 Hand Cart
29:19 Bodkin Arrow
29:40 Leather Archer Armor
33:42 Imperial Age
31:51 Gold Shaft Mining
31:54 Crossbowman
32:39 Scale Mail Armor
32:56 Forging
34:07 Caravan
35:20 Stone Mining
35:02 Elite Longbowman
36:09 Yeomen
35:53 Warwolf
36:14 Conscription
37:46 Bracer
38:17 Ring Archer Armor
38:36 Chain Mail Armor
38:57 Iron Casting
39:58 Two-Man Saw
38:55 Town Watch
40:03 Town Patrol
39:51 Pikeman
40:32 Squires
40:19 Gambesons
41:52 Ballistics
42:33 Chemistry
41:29 Murder Holes
41:40 Siege Engineers
41:46 Masonry
41:02 Arbalester
42:26 Hoardings
41:19 Halberdier
41:47 Arson
ska_18
1:06 Loom
14:32 Feudal Age
17:20 Double-Bit Axe
19:47 Castle Age
17:57 Horse Collar
22:03 Bow Saw
21:53 Town Watch
23:01 Wheelbarrow
23:32 Stone Mining
23:48 Gold Mining
27:58 Hand Cart
30:04 Gold Shaft Mining
29:30 Heavy Plow
30:53 Forging
30:33 Fletching
30:49 Scale Barding Armor
31:51 Town Patrol
32:29 Iron Casting
35:33 Imperial Age
34:34 Murder Holes
34:19 Treadmill Crane
34:50 Fortified Wall
34:50 Masonry
35:45 Chain Barding Armor
35:21 Bodkin Arrow
35:48 Ballistics
36:09 Fervor
36:20 Sanctity
36:11 Bloodlines
36:01 Husbandry
36:16 Bimaristan
37:42 Chemistry
37:48 Two-Man Saw
37:49 Caravan
38:33 Plate Barding Armor
38:58 Blast Furnace
38:30 Bracer
38:58 Ballistics
39:16 Conscription
38:35 Light Cavalry
40:18 Coinage
40:13 Scale Mail Armor
39:35 Pikeman
40:00 Gambesons
40:16 Squires
40:01 Arson
41:15 Hoardings
41:07 Elite Mameluke
43:18 Chain Mail Armor
45:58 Plate Mail Armor
45:44 Siege Engineers
45:30 Guard Tower
46:47 Banking
46:39 Hussar
Pollock7296
10:20 Feudal Age
14:11 Horse Collar
14:22 Double-Bit Axe
15:39 Gold Mining
18:46 Wheelbarrow
31:44 Stone Mining
35:42 Champi Runner
36:10 Arson
36:44 Forging
36:35 Scale Mail Armor
36:35 Padded Archer Armor
36:25 Fletching
42:45 Castle Age
43:01 Castle Age
41:52 Loom
43:20 Pikeman
43:27 Elite Skirmisher
43:27 Crossbowman
44:13 Thumb Ring
46:39 Heavy Plow
46:49 Bow Saw
47:15 Gold Shaft Mining
47:16 Stone Shaft Mining
47:44 Pikeman
47:45 Champi Warrior
48:25 Squires
52:11 Hand Cart
52:52 Ballistics
52:26 Guard Tower
52:42 Murder Holes
53:03 Fortified Wall
khiladi-47
1:18 Loom
12:26 Feudal Age
16:19 Castle Age
14:48 Horse Collar
14:57 Double-Bit Axe
18:24 Heavy Plow
20:59 Bow Saw
24:52 Stone Mining
24:53 Gold Mining
27:53 Wheelbarrow
31:57 Imperial Age
32:24 Gold Shaft Mining
32:25 Stone Shaft Mining
32:29 Onager
33:36 Block Printing
33:59 Capped Ram
36:14 Murder Holes
36:41 Ballistics
37:21 Chemistry
36:17 Siege Ram
38:08 Conscription
40:47 Elite War Elephant
42:44 Arson
42:59 Squires
42:45 Gambesons
42:20 Man-at-Arms
43:26 Forging
43:16 Scale Mail Armor
43:40 Fletching
44:05 Masonry
44:44 Iron Casting
43:33 Long Swordsman
45:57 Caravan
48:22 Chain Mail Armor
48:13 Scale Barding Armor
48:04 Bodkin Arrow
49:10 Blast Furnace
48:05 Pikeman
48:41 Halberdier
Osho_68
11:39 Feudal Age
16:29 Castle Age
14:26 Double-Bit Axe
14:54 Gold Mining
14:59 Horse Collar
15:37 Stone Mining
15:35 Loom
26:57 Imperial Age
26:06 Heavy Plow
26:09 Scale Mail Armor
26:19 Forging
26:48 Scale Barding Armor
27:06 Chain Mail Armor
28:28 Iron Casting
28:35 Wheelbarrow
27:46 Town Watch
28:15 Caravan
28:54 Conscription
31:35 Blast Furnace
31:17 Hand Cart
31:34 Scale Barding Armor
32:33 Chemistry
31:40 Shatagni
31:44 Grand Trunk Road
32:16 Heavy Camel Rider
33:57 Bloodlines
33:50 Husbandry
34:13 Chain Barding Armor
34:23 Bow Saw
35:21 Imperial Camel Rider
37:07 Plate Barding Armor
37:38 Two-Man Saw
37:16 Gold Shaft Mining
38:48 Ballistics
38:41 Masonry
41:37 Stone Shaft Mining
41:02 Murder Holes
41:13 Siege Engineers
41:06 Murder Holes
TheB0ldOne
0:34 Loom
14:13 Feudal Age
14:39 Double-Bit Axe
20:19 Castle Age
19:04 Gold Mining
19:14 Stone Mining
19:22 Horse Collar
24:11 Bow Saw
34:25 Imperial Age
32:39 Scale Barding Armor
33:25 Heavy Plow
34:03 Gold Shaft Mining
34:05 Stone Shaft Mining
34:29 Wheelbarrow
33:42 Town Watch
34:00 Caravan
34:38 Masonry
34:53 Chain Barding Armor
35:23 First Crusade
35:31 Conscription
35:29 Murder Holes
35:40 Scale Mail Armor
35:49 Capped Ram
36:56 Chain Mail Armor
36:51 Forging
37:27 Hand Cart
38:35 Husbandry
38:45 Bloodlines
37:56 Cavalier
39:14 Iron Casting
38:42 Fletching
39:28 Plate Barding Armor
39:10 Arson
39:25 Squires
40:09 Plate Mail Armor
39:35 Bodkin Arrow
39:05 Light Cavalry
41:32 Siege Ram
42:08 Elite Serjeant
43:54 Blast Furnace
44:52 Bracer
48:22 Siege Engineers
52:43 Hoardings
Connection lost

Rejoining the realm…

Still unreachable

The connection could not be restored.

Session expired

The server has moved on; the page needs a fresh start.